 Dungeon Crawl Stone Soup version 0.31-a0-222-gefeffbb62a (webtiles) character file.

Game seed: 8646758580783473605

32 protoss039 the Digger (level 3, 26/26 HPs)
             Began as a Demonspawn Earth Elementalist on July 5, 2023.
             Got out of the dungeon alive.
             The game lasted 00:01:19 (762 turns).

protoss039 the Digger (DsEE)                         Turns: 762, Time: 00:01:19

Health: 26/26      AC:  2    Str:  8    XL:     3   Next: 10%
Magic:  6/6        EV: 12    Int: 18    God:
Gold:   32         SH:  0    Dex: 13    Spells: 6/7 levels left

rFire   . . .        g - +0 spear
rCold   . . .        (no shield)
rNeg    . . .        a - +0 robe
rPois   .            (no helmet)
rElec   .            (no cloak)
rCorr   .            (no gloves)
SInv    .            (no boots)
Will    .....        (no amulet)
Stlth   ++           (no ring)
HPRegen 0.24/turn    (no ring)
MPRegen 0.10/turn

%: no passive effects
@: no status effects
A: claws 1, weakness stinger 1
a: no special abilities


You escaped.
You visited 1 branch of the dungeon, and saw 2 of its levels.

You collected 32 gold pieces.

Inventory:

Hand Weapons
 g - a +0 spear (weapon)
Armour
 a - a +0 robe (worn)
Jewellery
 i - a ring of positive energy
Scrolls
 d - a scroll of enchant armour {unknown}
 e - 4 scrolls of identify {unknown}
 h - 2 scrolls of enchant weapon {unknown}
 j - a scroll of revelation {unknown}
Potions
 b - a potion of magic
 c - a potion of enlightenment {unknown}
 f - 2 potions of might {unknown}


   Skills:
 + Level 1.5 Fighting
 - Level 1.7 Dodging
 - Level 1.7 Stealth
 + Level 2.5 Spellcasting
 - Level 0.8 Transmutations
 + Level 3.1 Earth Magic


You had 6 spell levels left.
You knew the following spells:

 Your Spells              Type           Power      Damage    Failure   Level
a - Sandblast             Erth           26%        2d8       4%          1

Your spell library contained the following spells:

 Spells                   Type           Power      Damage    Failure   Level
 Passwall                 Tmut/Erth      7%         N/A       12%         2
 Stone Arrow              Conj/Erth      14%        3d7       26%         3
 Petrify                  Tmut/Erth      9%         N/A       58%         4


Dungeon Overview and Level Annotations

Branches:
Dungeon (2/15) Zot: 11222

Altars:


Innate Abilities, Weirdness & Mutations

You have sharp fingernails.
You have a small tail.


Message History

A quokka is nearby!
You reach to attack!
You hit the quokka.
The quokka is heavily wounded.
You closely miss the quokka.
The quokka is heavily wounded.
The quokka closely misses you.
A quokka is nearby!
You hit the quokka.
You kill the quokka!
A bat comes into view.
A bat is nearby!
A bat is nearby!
A bat is nearby!
You reach to attack!
You closely miss the bat. The bat misses you.
A bat is nearby!
You barely miss the bat. The bat hits you.
A bat is nearby!
You closely miss the bat. You tail-slap the bat.
You kill the bat!
Key pressed, stopping explore.
No target in view!
Key pressed, stopping explore.
No target in view!
j - a scroll labelled ZEILOM SAIREU No target in view!
A rat comes into view.
A rat is nearby!
Casting: Sandblast (safe; 4% risk of failure)
Confirm with . or Enter, or press ? or * to list all spells.
Aiming: Sandblast (safe; 4% risk of failure)
Press: ? - help, Shift-Dir - straight line, f - rat
Aim: a rat (asleep, 100% to hit)
The blast of sand hits the rat.
You kill the rat!
Unknown command.
Unknown command.
There is a dry fountain, spattered with blood here.
There is a staircase leading out of the dungeon here.
Are you sure you want to leave the Dungeon?
This will make you lose the game!
You have escaped!

. #. #######.# .. #
#⌠...⌠#.. #. ###
#..@..##. #. ###P≈
#.....##. #.####....
#..>..##.##..##..#P≈
##⌠...⌠##.###.##.####
##.#######..........##
#.#######...##.#######
##.##....##.##.# ##
### #.#..≈≈.##.##.# #.
....##...≈≈.##.##.# #.


There were no monsters in sight!

Vanquished Creatures
  An adder (D:2)
  A dart slug (D:1)
  2 ball pythons (D:1)
  3 bats
  An endoplasm (D:2)
  A giant cockroach (D:2)
  A hobgoblin (D:1)
  A quokka (D:1)
  3 frilled lizards
  A goblin (D:1)
  4 kobolds
  6 rats
25 creatures vanquished.

Notes
Turn   | Place    | Note
-------+----------+-------------------------------------------
     0 | D:1      | protoss039 the Demonspawn Earth Elementalist began the
                  | quest for the Orb.
     0 | D:1      | Reached XP level 1. HP: 13/13 MP: 3/3
    38 | D:1      | You fall into a shaft and drop 1 floor!
   149 | D:2      | Reached skill level 1 in Fighting
   149 | D:2      | Discovered your monstrous ancestry.
   149 | D:2      | Gained mutation: You have sharp fingernails. [demonic
                  | ancestry]
   149 | D:2      | Reached XP level 2. HP: 20/21 MP: 0/5
   338 | D:2      | Reached skill level 3 in Earth Magic
   569 | D:1      | Gained mutation: You have a small tail. [demonic ancestry]
   569 | D:1      | Reached XP level 3. HP: 26/26 MP: 1/6
   762 | D:$      | Got out of the dungeon alive.

Illustrated notes

Levels and vault maps discovered:
D:1:      amcnicky_arrival_gap_in_the_tavern_cellar, layout_loops_ring,
          grunt_decor_mini_mirrors, grunt_decor_one_mirror,
          dreamdust_princess_bridge
D:2:      minmay_razor_zed, layout_basic, chequers_serial_rivers_marsh

Skill      XL: |  1  2 |
---------------+-------+-----
Fighting       | 1 |  1.5
Earth Magic    | 3 |  3.1
Dodging        | |  1.7
Stealth        | |  1.7
Spellcasting   | |  2.5
Transmutations | |  0.8

Action                     || total
---------------------------++-------
  Melee: Spear             ||    17
         Unarmed           ||     1
         Tailslap          ||     2
   Cast: Sandblast         ||    29
 Armour: Robe              ||     4
  Dodge: Dodged            ||    22

Table legend: (Time is in decaauts)
 A = Elapsed time spent in this place.
 B = Non-inter-level travel time spent in this place.
 C = Inter-level travel time spent in this place.
 D = Time resting spent in this place.
 E = Time spent auto-exploring this place.
 F = Levels seen in this place.
 G = Mean time per level.
                   A        B        C        D        E       F      G
               +--------+--------+--------+--------+--------+-----+--------+
         Total |    777 |    755 |     22 |     71 |    530 |   2 |  388.5 |
       Dungeon |    777 |    755 |     22 |     71 |    530 |   2 |  388.5 |
               +--------+--------+--------+--------+--------+-----+--------+

Top non-repeatable levels by time:
     D:2: 473 daAuts
     D:1: 303 daAuts
